 Dungeon Crawl Stone Soup version 0.23.1 (webtiles) character file.

Game seed: 13682647245126571204

48302 vishdafish the Blocker (level 14, 0/113 HPs)
             Began as a Gnoll Fighter on Mar 8, 2019.
             Was the Champion of Nemelex Xobeh.
             Killed from afar by a rime drake (19 damage)
             ... with a flash freeze
             ... on level 6 of the Lair of Beasts.
             The game lasted 00:35:43 (17947 turns).

vishdafish the Blocker (Gnoll Fighter)             Turns: 17947, Time: 00:35:44

Health: 0/113      AC: 21    Str: 27    XL:     14   Next: 45%
Magic:  27/27      EV: 18    Int: 17    God:    Nemelex Xobeh [******]
Gold:   1295       SH: 14    Dex: 21    Spells: 31/31 levels left

rFire    + . .     SeeInvis +   E - +11 long sword "Laismerer" {slice, *Slow rElec rF+ Int+3}
rCold    . . .     Gourm    .   c - +0 shield
rNeg     . . .     Faith    .   B - +6 ring mail of Sunlight {SInv}
rPois    .         Spirit   .   u - +2 helmet
rElec    +         Reflect  .   Y - +1 cloak of the Sacrificial Victim {*Slow Int+3 Dex+5}
rCorr    .         Harm     .   D - +0 pair of gloves
MR       +....                  (no boots)
Stlth    ++++......             O - amulet of the acrobat
HPRegen  0.28/turn              H - +2 ring of slaying
MPRegen  0.20/turn              Z - +5 ring of strength

@: no status effects
A: distributed training, fangs 1, strong nose
a: Draw Escape, Draw Destruction, Draw Summoning, Draw Stack, Triple Draw, Deal
Four, Stack Five, Renounce Religion


You were on level 6 of the Lair of Beasts.
You worshipped Nemelex Xobeh.
Nemelex Xobeh was exalted by your worship.
You were near starving.

You visited 3 branches of the dungeon, and saw 18 of its levels.
You also visited: Ossuary and Gauntlet.

You collected 1519 gold pieces.
You spent 224 gold pieces at shops.

Inventory:

Hand Weapons
 b - a +0 double sword
 E - the +11 long sword "Laismerer" (weapon) {slice, *Slow rElec rF+ Int+3}
   (You found it on level 5 of the Dungeon)

   It inflicts extra damage upon your enemies.
   It affects your intelligence (+3).
   It protects you from fire.
   It insulates you from electricity.
   It may slow you when you take damage.
Missiles
 a - a poisoned javelin (quivered)
Armour
 c - a +0 shield (worn)
 u - a +2 helmet (worn)
 B - the +6 ring mail of Sunlight (worn) {SInv}
   (You found it on level 2 of the Lair of Beasts)

   It lets you see invisible.
 D - a +0 pair of gloves (worn)
 U - the +3 chain mail of Julosif {rElec}
   (You found it on level 10 of the Dungeon)

   It insulates you from electricity.
 Y - the +1 cloak of the Sacrificial Victim (worn) {*Slow Int+3 Dex+5}
   (You found it in a Gauntlet)

   It affects your intelligence (+3).
   It affects your dexterity (+5).
   It may slow you when you take damage.
Jewellery
 j - an uncursed ring of positive energy
 H - a +2 ring of slaying (left hand)
 L - an uncursed ring of protection from magic
 O - an amulet of the acrobat (around neck)
 V - an uncursed ring of wizardry
 Z - a +5 ring of strength (right hand)
Wands
 s - a wand of paralysis (8)
 t - a wand of acid (9)
 C - a wand of scattershot (4)
 Q - a wand of clouds (6)
 X - a wand of iceblast (7)
Scrolls
 e - 7 scrolls of fear
 g - a scroll of torment {unknown}
 h - 7 scrolls of blinking
 i - 3 scrolls of magic mapping
 m - 9 scrolls of remove curse
 p - 10 scrolls of teleportation
 q - 6 scrolls of enchant armour
 x - 4 scrolls of immolation {unknown}
 A - 2 scrolls of amnesia {unknown}
 I - 6 scrolls of enchant weapon
 J - 3 scrolls of fog
 M - 3 scrolls of noise {unknown}
 R - 2 scrolls of holy word {unknown}
 T - a scroll of vulnerability {unknown}
Potions
 d - 9 potions of might
 k - 4 potions of invisibility
 l - 2 potions of resistance
 n - 4 potions of ambrosia
 o - 3 potions of flight
 r - 2 potions of brilliance
 v - 2 potions of lignification
 w - 4 potions of heal wounds
 z - 2 potions of berserk rage
 F - 11 potions of curing
 G - a potion of haste
 K - a potion of cancellation {unknown}
 N - 2 potions of agility {unknown}
 P - a potion of mutation {unknown}
Comestibles
 f - 18 rations


   Skills:
 + Level 11.0 Fighting
 + Level 9.1 Short Blades
 + Level 10.1 Long Blades
 + Level 9.1 Axes
 + Level 9.1 Maces & Flails
 + Level 9.1 Polearms
 + Level 9.1 Staves
 + Level 9.1 Slings
 + Level 9.1 Bows
 + Level 9.1 Crossbows
 + Level 9.1 Throwing
 + Level 11.0 Armour
 + Level 9.1 Dodging
 + Level 9.1 Stealth
 + Level 11.0 Shields
 + Level 9.1 Unarmed Combat
 + Level 9.1 Spellcasting
 + Level 7.5 Conjurations
 + Level 7.5 Hexes
 + Level 7.5 Charms
 + Level 7.5 Summonings
 + Level 7.5 Necromancy
 + Level 7.5 Translocations
 + Level 7.5 Transmutations
 + Level 7.5 Fire Magic
 + Level 7.5 Ice Magic
 + Level 7.5 Air Magic
 + Level 7.5 Earth Magic
 + Level 7.5 Poison Magic
 + Level 9.9 Invocations
 + Level 9.1 Evocations


You had 31 spell levels left.
You didn't know any spells.
Your spell library contained the following spells:

 Spells                   Type           Power        Failure   Level  Hunger
 Beastly Appendage        Tmut           ####..       1%          1    None
 Confusing Touch          Hex            ####..       1%          1    None
 Flame Tongue             Conj/Fire      ####.        1%          1    None
 Sandblast                Erth           ####..       1%          1    None
 Passwall                 Tmut/Erth      ####....     1%          2    None
 Sticks to Snakes         Tmut           ####....     1%          2    None
 Throw Flame              Conj/Fire      ####..       1%          2    None
 Confuse                  Hex            ####....     2%          3    None
 Conjure Flame            Conj/Fire      ####....     2%          3    None
 Gell's Gravitas          Tloc           ####......   2%          3    None
 Inner Flame              Hex/Fire       ####....     2%          3    None
 Spider Form              Tmut/Pois      ####......   2%          3    None
 Stone Arrow              Conj/Erth      ####..       2%          3    None
 Cause Fear               Hex            ####......   10%         4    ###....
 Ice Form                 Ice/Tmut       ####....     10%         4    ###....
 Petrify                  Tmut/Erth      ####....     10%         4    ###....
 Sticky Flame             Conj/Fire      ####....     10%         4    ###....
 Blade Hands              Tmut           ####......   26%         5    #####..
 Bolt of Magma            Conj/Fire/Erth ####......   26%         5    #####..
 Fireball                 Conj/Fire      ####......   26%         5    #####..
 Iskenderun's Battlesphe  Conj/Chrm      ####....     26%         5    #####..
 Lee's Rapid Deconstruct  Erth           ####......   26%         5    #####..
 Metabolic Englaciation   Hex/Ice        ####......   26%         5    #####..
 Silence                  Hex/Air        ####......   26%         5    #####..
 Venom Bolt               Conj/Pois      ####......   26%         5    #####..
 Yara's Violent Unravell  Hex/Tmut       ####......   26%         5    #####..
 Deflect Missiles         Chrm/Air       ####......   82%         6    ######.
 Iron Shot                Conj/Erth      ####......   82%         6    ######.
 Orb of Destruction       Conj           ####......   100%        7    #######
 Spellforged Servitor     Conj/Summ      ####......   100%        7    #######
 Discord                  Hex            ####......   100%        8    #######


Dungeon Overview and Level Annotations

Branches:
Dungeon (11/15)            Temple (1/1) D:4            Lair (6/6) D:8
  Swamp (0/4) Lair:2        Snake (0/4) Lair:3        Slime (0/5) Lair:5
    Orc (0/2) D:10

Altars:
Ashenzari
Cheibriados
Dithmenos
Elyvilon
Fedhas
Gozag
Hepliaklqana
Kikubaaqudgha
Makhleb
Nemelex Xobeh
Okawaru
Qazlal
Ru
Sif Muna
Trog
Uskayaw
Vehumet
Wu Jian
Xom
Yredelemnul
Zin
The Shining One
Jiyva

Shops:
D:5 [?   D:7 %   D:9 [

Annotations:
Lair:1 3 runed translucent doors, KamiKatze's ghost, journeyman KoBe


Innate Abilities, Weirdness & Mutations

Your experience applies equally to all skills.
You have very sharp teeth.
Your uncanny sense of smell can sniff out nearby items.


Message History

Press: ? - help, Shift-Dir - straight line, f - rime drake
Aim: a rime drake (hasn't noticed you)
You throw a javelin.
The javelin barely misses the rime drake.
The rime drake hisses angrily.
Throwing (i - inventory. (/) - cycle)
W - a javelin (quivered)
Press: ? - help, Shift-Dir - straight line, f/p - rime drake
Aim: a rime drake You throw a javelin.
The javelin hits the rime drake!!
The rime drake is severely wounded.
Throwing (i - inventory)
a - 2 poisoned javelins (quivered)
Press: ? - help, Shift-Dir - straight line, f/p - rime drake
Aim: a rime drake (severely wounded)
You throw a poisoned javelin.
The poisoned javelin closely misses the rime drake.
A sea snake comes into view.
The rime drake breathes ice at you. The flash freeze hits you!!
You die...
Your body glows with a rainbow of weird colours and disappears.

...............#
(.....................##
S...............P..#P...
..(................#....
...k...............#....
......................P...
......................P... (
P≈≈≈.≈...#.##...PP....... #(
#.≈≈.#.@.###...#P.......
≈≈#.≈≈##≈.......PP........
≈≈≈(≈≈≈≈≈................. #.#≈≈
≈.#(P≈≈≈...P#............ ≈≈≈≈≈≈≈
#≈(#(...####........... ≈≈≈88≈≈
#≈(.#..## ##.......... ≈≈≈≈≈≈≈
#≈≈≈≈..## #..P##.#....
##≈≈≈≈#####≈(≈≈..P# #...#.......
≈≈≈≈P≈≈≈≈8#≈(.#....###...........


You could see a sea snake (wandering) and a rime drake.

Vanquished Creatures
  A minotaur (Gauntlet)
  7 hydras
  A catoblepas (Gauntlet)
  9 death yaks
  Sonja (D:11)
  An unseen horror (D:11)
  2 sea snakes (Lair:6)
  Pikel (D:9)
  A necromancer (Gauntlet)
  2 cyclopes (D:11)
  Joseph (Lair:1)
  Maurice (D:9)
  2 black mambas
  2 molten gargoyles (Gauntlet)
  4 centaur skeletons
  A gargoyle (Gauntlet)
  5 elephants (Lair:6)
  15 spiny frogs
  7 komodo dragons
  3 rime drakes
  A queen bee (Lair:6)
  3 trolls
  A wind drake (Lair:6)
  3 polar bears
  3 hornets
  7 hippogriffs
  A water elemental (D:11)
  3 wyverns
  2 basilisks (Lair:4)
  2 hungry ghosts
  A human (D:7)
  4 hogs (D:7)
  24 yaks
  Grum (D:9)
  7 vampire mosquitoes (Lair:2)
  Menkaure (D:4)
  2 nagas (Lair:3)
  2 acid dragons
  6 water moccasins
  8 porcupines
  3 ice beasts
  12 orc warriors
  2 sky beasts (D:5)
  6 black bears
  2 eyes of draining (D:5)
  3 phantoms
  9 wolves
  5 ogres
  6 centaurs
  9 crocodiles
  3 big kobolds
  7 bullfrogs
  2 wyvern zombies
  A water moccasin zombie (D:7)
  A water moccasin skeleton (D:5)
  4 scorpions
  3 killer bees (D:9)
  5 electric eels (D:11)
  A vampire bat (D:3)
  12 wights
  3 howler monkeys
  3 crimson imps (D:6)
  4 hounds
  A quasit (D:6)
  5 jellies
  9 orc priests
  2 bullfrog skeletons
  12 orc wizards
  2 iguanas
  Ijyb (D:4)
  2 worker ants
  A killer bee zombie (D:9)
  A hound zombie (D:6)
  A hound skeleton (D:10)
  13 mummies (Ossuary)
  3 worker ant zombies
  Robin (D:3)
  9 gnolls
  9 adders
  4 shadow imps
  An adder zombie (D:7)
  3 adder skeletons
  2 worms
  4 dart slugs
  3 fire bats (D:3)
  9 leopard geckos
  48 orcs
  2 spectral bats (D:3)
  3 bat skeletons (D:3)
  A bat zombie (D:3)
  2 giant cockroaches
  17 hobgoblins
  6 jackals
  14 kobolds
  3 quokkas
  3 ball pythons
  16 bats
  A bat simulacrum (D:3)
  4 frilled lizards
  4 gnoll skeletons (Ossuary)
  14 goblins
  A jackal zombie (D:8)
  A kobold skeleton (Ossuary)
  3 orc skeletons (Ossuary)
  8 rats
  11 rat skeletons (Ossuary)
  A spectral orc (D:5)
516 creatures vanquished.

Vanquished Creatures (others)
  A merfolk avatar (Lair:6)
  An acid dragon (Lair:6)
  18 fungi
  14 plants
34 creatures vanquished.

Grand Total: 550 creatures vanquished

Notes
Turn   | Place    | Note
-------+----------+-------------------------------------------
     0 | D:1      | vishdafish the Gnoll Fighter began the quest for the Orb.
     0 | D:1      | Reached XP level 1. HP: 23/23 MP: 1/1
   135 | D:1      | Reached XP level 2. HP: 29/29 MP: 2/2
   320 | D:1      | Reached XP level 3. HP: 32/35 MP: 3/3
   607 | D:1      | Reached skill level 1 in Invocations
   694 | D:2      | Found a shimmering altar of Xom.
  1023 | D:2      | Reached skill level 1 in Short Blades
  1023 | D:2      | Reached skill level 1 in Axes
  1023 | D:2      | Reached skill level 1 in Maces & Flails
  1023 | D:2      | Reached skill level 1 in Polearms
  1023 | D:2      | Reached skill level 1 in Staves
  1023 | D:2      | Reached skill level 1 in Slings
  1023 | D:2      | Reached skill level 1 in Bows
  1023 | D:2      | Reached skill level 1 in Crossbows
  1023 | D:2      | Reached skill level 1 in Throwing
  1023 | D:2      | Reached skill level 1 in Dodging
  1023 | D:2      | Reached skill level 1 in Stealth
  1023 | D:2      | Reached skill level 1 in Unarmed Combat
  1023 | D:2      | Reached skill level 1 in Spellcasting
  1023 | D:2      | Reached skill level 1 in Evocations
  1302 | D:2      | Reached XP level 4. HP: 41/41 MP: 5/5
  1616 | D:3      | Noticed Robin
  1664 | D:3      | Killed Robin
  1664 | D:3      | Reached skill level 1 in Conjurations
  1664 | D:3      | Reached skill level 1 in Hexes
  1664 | D:3      | Reached skill level 1 in Charms
  1664 | D:3      | Reached skill level 1 in Summonings
  1664 | D:3      | Reached skill level 1 in Necromancy
  1664 | D:3      | Reached skill level 1 in Translocations
  1664 | D:3      | Reached skill level 1 in Transmutations
  1664 | D:3      | Reached skill level 1 in Fire Magic
  1664 | D:3      | Reached skill level 1 in Ice Magic
  1664 | D:3      | Reached skill level 1 in Air Magic
  1664 | D:3      | Reached skill level 1 in Earth Magic
  1664 | D:3      | Reached skill level 1 in Poison Magic
  1722 | D:3      | Found a white marble altar of Elyvilon.
  1765 | D:3      | Found a faded altar of an unknown god.
  1944 | D:3      | Reached XP level 5. HP: 47/47 MP: 6/6
  2142 | D:3      | Reached XP level 6. HP: 50/53 MP: 8/8
  2702 | D:4      | Reached skill level 5 in Long Blades
  2745 | D:4      | Found a staircase to the Ecumenical Temple.
  2786 | D:4      | Reached XP level 7. HP: 58/59 MP: 10/10
  2814 | Temple   | Entered the Ecumenical Temple
  2918 | Temple   | Became a worshipper of Nemelex Xobeh the Trickster
  2974 | D:4      | Received a gift from Nemelex Xobeh
  2993 | D:4      | Found an opulent altar of Gozag.
  3022 | D:4      | Noticed Ijyb
  3063 | D:4      | Killed Ijyb
  3454 | D:4      | Noticed Menkaure
  3466 | D:4      | Killed Menkaure
  3577 | D:5      | Entered Level 5 of the Dungeon
  3715 | D:5      | Found Giceugh's Magic Scroll Emporium.
  3723 | D:5      | Bought a scroll of teleportation for 42 gold pieces
  3723 | D:5      | Bought a scroll of fear for 49 gold pieces
  3723 | D:5      | Bought a scroll of blinking for 105 gold pieces
  3723 | D:5      | Bought a scroll of identify for 28 gold pieces
  3759 | D:5      | Reached XP level 8. HP: 67/67 MP: 12/12
  3822 | D:5      | Found a basalt altar of Yredelemnul.
  3839 | D:5      | Found a bloodstained altar of Trog.
  3903 | D:5      | Found a hide-covered altar of Uskayaw.
  3965 | D:5      | Got an ichor-stained long sword
  3966 | D:5      | Identified the +11 long sword "Laismerer" {slice, *Slow
                  | rElec rF+ Int+3} (You found it on level 5 of the Dungeon)
  4010 | D:5      | Received a gift from Nemelex Xobeh
  4034 | D:5      | Reached * piety under Nemelex Xobeh
  4061 | D:5      | Found a sacrificial altar of Ru.
  4063 | D:5      | Found Benlosh's Armour Boutique.
  4294 | D:6      | Reached XP level 9. HP: 67/72 MP: 14/14
  4481 | D:6      | Reached ** piety under Nemelex Xobeh
  4616 | D:6      | Received a gift from Nemelex Xobeh
  5021 | D:7      | Found Ejityh's Food Shoppe.
  5119 | D:7      | Found a sand-covered staircase.
  5135 | Ossuary  | Entered an ossuary
  5194 | Ossuary  | Received a gift from Nemelex Xobeh
  5486 | D:7      | Reached skill level 5 in Invocations
  5633 | D:7      | Reached XP level 10. HP: 55/80 MP: 17/17
  5793 | D:7      | Reached skill level 5 in Short Blades
  5793 | D:7      | Reached skill level 5 in Axes
  5793 | D:7      | Reached skill level 5 in Maces & Flails
  5793 | D:7      | Reached skill level 5 in Polearms
  5793 | D:7      | Reached skill level 5 in Staves
  5793 | D:7      | Reached skill level 5 in Slings
  5793 | D:7      | Reached skill level 5 in Bows
  5793 | D:7      | Reached skill level 5 in Crossbows
  5793 | D:7      | Reached skill level 5 in Throwing
  5793 | D:7      | Reached skill level 5 in Dodging
  5793 | D:7      | Reached skill level 5 in Stealth
  5793 | D:7      | Reached skill level 5 in Unarmed Combat
  5793 | D:7      | Reached skill level 5 in Spellcasting
  5793 | D:7      | Reached skill level 5 in Evocations
  5906 | D:7      | Found a burning altar of Makhleb.
  6655 | D:8      | Noticed a death yak
  6674 | D:8      | Killed a death yak
  6697 | D:8      | Reached *** piety under Nemelex Xobeh
  6880 | D:8      | Found a staircase to the Lair.
  6943 | D:8      | Found an iron altar of Okawaru.
  7104 | D:8      | Noticed a death yak
  7105 | D:8      | Noticed a death yak
  7136 | D:7      | Killed a death yak
  7227 | D:7      | Reached XP level 11. HP: 62/87 MP: 19/19
  7244 | D:7      | Killed a death yak
  7778 | D:9      | Noticed Grum
  7788 | D:9      | Reached skill level 5 in Conjurations
  7788 | D:9      | Reached skill level 5 in Hexes
  7788 | D:9      | Reached skill level 5 in Charms
  7788 | D:9      | Reached skill level 5 in Summonings
  7788 | D:9      | Reached skill level 5 in Necromancy
  7788 | D:9      | Reached skill level 5 in Translocations
  7788 | D:9      | Reached skill level 5 in Transmutations
  7788 | D:9      | Reached skill level 5 in Fire Magic
  7788 | D:9      | Reached skill level 5 in Ice Magic
  7788 | D:9      | Reached skill level 5 in Air Magic
  7788 | D:9      | Reached skill level 5 in Earth Magic
  7788 | D:9      | Reached skill level 5 in Poison Magic
  7795 | D:9      | Killed Grum
  7927 | D:9      | Received a gift from Nemelex Xobeh
  8022 | D:9      | Found Pogumm's Armour Emporium.
  8022 | D:9      | Noticed Pikel
  8039 | D:9      | Killed Pikel
  8282 | D:9      | Noticed Maurice
  8292 | D:9      | Killed Maurice
  8367 | D:9      | Received a gift from Nemelex Xobeh
  8578 | D:9      | Reached **** piety under Nemelex Xobeh
  8581 | D:9      | Found a snail-covered altar of Cheibriados.
  8587 | D:9      | Found a deep blue altar of Sif Muna.
  8840 | D:10     | Entered Level 10 of the Dungeon
  9088 | D:10     | Received a gift from Nemelex Xobeh
  9401 | D:10     | Found a staircase to the Orcish Mines.
  9524 | D:10     | Identified the +3 chain mail of Julosif {rElec} (You found
                  | it on level 10 of the Dungeon)
  9713 | D:11     | Noticed a cyclops
  9725 | D:11     | Killed a cyclops
  9795 | D:11     | Noticed Sonja
  9804 | D:11     | Killed Sonja
  9804 | D:11     | Reached XP level 12. HP: 43/96 MP: 22/22
  9829 | D:11     | Found a gate leading to a gauntlet.
  9836 | Gauntlet | Entered a Gauntlet
  9836 | Gauntlet | Found a transporter.
 10054 | Gauntlet | Noticed a death yak
 10055 | Gauntlet | Noticed a death yak
 10055 | Gauntlet | Noticed a death yak
 10057 | Gauntlet | Found a transporter.
 10057 | Gauntlet | Noticed a death yak
 10058 | Gauntlet | Noticed a death yak
 10058 | Gauntlet | Noticed a death yak
 10059 | Gauntlet | Found a transporter.
 10060 | Gauntlet | Found a transporter.
 10060 | Gauntlet | Noticed a death yak
 10063 | Gauntlet | Found a transporter.
 10064 | Gauntlet | Found a transporter.
 10080 | Gauntlet | Found a transporter.
 10096 | Gauntlet | Found a transporter.
 10097 | Gauntlet | Noticed a catoblepas
 10161 | Gauntlet | Found a transporter.
 10178 | Gauntlet | Received a gift from Nemelex Xobeh
 10179 | Gauntlet | Found a transporter.
 10180 | Gauntlet | Found a transporter.
 10192 | Gauntlet | Found a transporter.
 10210 | Gauntlet | Noticed an entropy weaver
 10271 | Gauntlet | Killed a death yak
 10280 | Gauntlet | Killed a death yak
 10286 | Gauntlet | Killed a death yak
 10414 | Gauntlet | Got a dazzling cloak
 10425 | Gauntlet | Identified the +1 cloak of the Sacrificial Victim {*Slow
                  | Int+3 Dex+5} (You found it in a Gauntlet)
 10506 | Gauntlet | Killed a catoblepas
 10791 | Gauntlet | Noticed a minotaur
 10799 | Gauntlet | Killed a minotaur
 10900 | D:11     | Reached ***** piety under Nemelex Xobeh
 11763 | D:11     | Noticed a six-headed hydra
 11771 | D:11     | Killed a six-headed hydra
 11842 | D:11     | Reached skill level 10 in Fighting
 11842 | D:11     | Reached skill level 10 in Armour
 11842 | D:11     | Reached skill level 10 in Shields
 12129 | Lair:1   | Entered Level 1 of the Lair of Beasts
 12194 | Lair:1   | Received a gift from Nemelex Xobeh
 12216 | Lair:1   | Noticed Joseph
 12225 | Lair:1   | Killed Joseph
 12330 | Lair:1   | Reached XP level 13. HP: 103/103 MP: 24/24
 12340 | Lair:1   | Received a gift from Nemelex Xobeh
 12435 | Lair:1   | Received a gift from Nemelex Xobeh
 12539 | Lair:1   | Found a runed translucent gate.
 12540 | Lair:1   | Found a runed translucent gate.
 12541 | Lair:1   | Found a runed translucent gate.
 12542 | Lair:1   | Noticed KamiKatze's ghost (journeyman KoBe)
 12543 | Lair:1   | Noticed a death ooze
 12547 | Lair:1   | Found a viscous altar of Jiyva.
 13043 | Lair:2   | Found a staircase to the Swamp.
 13204 | Lair:2   | Got a transparent ring mail
 13215 | Lair:2   | Identified the +6 ring mail of Sunlight {SInv} (You found
                  | it on level 2 of the Lair of Beasts)
 13430 | Lair:2   | Received a gift from Nemelex Xobeh
 13709 | Lair:2   | Reached ****** piety under Nemelex Xobeh
 13717 | Lair:2   | Received a gift from Nemelex Xobeh
 14453 | Lair:3   | Received a gift from Nemelex Xobeh
 14564 | Lair:3   | Found a staircase to the Snake Pit.
 14985 | Lair:3   | Received a gift from Nemelex Xobeh
 15500 | Lair:4   | Received a gift from Nemelex Xobeh
 16222 | Lair:5   | Found a viscous altar of Jiyva.
 16223 | Lair:5   | Found a staircase to the Slime Pits.
 16303 | Lair:5   | Received a gift from Nemelex Xobeh
 16341 | Lair:5   | Reached XP level 14. HP: 59/111 MP: 26/26
 16669 | Lair:5   | Received a gift from Nemelex Xobeh
 17178 | Lair:6   | Entered Level 6 of the Lair of Beasts
 17385 | Lair:6   | Reached skill level 10 in Long Blades
 17431 | Lair:6   | Received a gift from Nemelex Xobeh
 17947 | Lair:6   | Killed from afar by a rime drake

Skill      XL: |  1  2  3  4  5  6  7  8  9 10 11 12 13 14 |
---------------+-------------------------------------------+-----
Invocations    | 1 2 3 4 5 6 7 8 9 |  9.9
Short Blades   | 1 2 3 4 5 6 7 8 9 |  9.1
Axes           | 1 2 3 4 5 6 7 8 9 |  9.1
Maces & Flails | 1 2 3 4 5 6 7 8 9 |  9.1
Polearms       | 1 2 3 4 5 6 7 8 9 |  9.1
Staves         | 1 2 3 4 5 6 7 8 9 |  9.1
Slings         | 1 2 3 4 5 6 7 8 9 |  9.1
Bows           | 1 2 3 4 5 6 7 8 9 |  9.1
Crossbows      | 1 2 3 4 5 6 7 8 9 |  9.1
Throwing       | 1 2 3 4 5 6 7 8 9 |  9.1
Dodging        | 1 2 3 4 5 6 7 8 9 |  9.1
Stealth        | 1 2 3 4 5 6 7 8 9 |  9.1
Unarmed Combat | 1 2 3 4 5 6 7 8 9 |  9.1
Spellcasting   | 1 2 3 4 5 6 7 8 9 |  9.1
Evocations     | 1 2 3 4 5 6 7 8 9 |  9.1
Conjurations   | 1 2 3 4 5 6 7 |  7.5
Hexes          | 1 2 3 4 5 6 7 |  7.5
Charms         | 1 2 3 4 5 6 7 |  7.5
Summonings     | 1 2 3 4 5 6 7 |  7.5
Necromancy     | 1 2 3 4 5 6 7 |  7.5
Translocations | 1 2 3 4 5 6 7 |  7.5
Transmutations | 1 2 3 4 5 6 7 |  7.5
Fire Magic     | 1 2 3 4 5 6 7 |  7.5
Ice Magic      | 1 2 3 4 5 6 7 |  7.5
Air Magic      | 1 2 3 4 5 6 7 |  7.5
Earth Magic    | 1 2 3 4 5 6 7 |  7.5
Poison Magic   | 1 2 3 4 5 6 7 |  7.5
Long Blades    | 5 6 7 8 9 10 | 10.1
Fighting       | 7 8 9 10 11 | 11.0
Armour         | 7 8 9 10 11 | 11.0
Shields        | 7 8 9 10 11 | 11.0

Action                   |  1- 3 |  4- 6 |  7- 9 | 10-12 | 13-15 || total
-------------------------+-------+-------+-------+-------+-------++-------
Melee: Long sword        |   120 |    66 |   169 |   468 |   334 ||  1157
       Bite              |    13 |    22 |    38 |    94 |    62 ||   229
       Spear             |       |   135 |    84 |       |       ||   219
       Trident           |       |       |    89 |       |       ||    89
Throw: Javelin           |       |       |     2 |    17 |    70 ||    89
       Tomahawk          |       |       |       |    10 |       ||    10
Invok: Stack Five        |       |       |       |       |     2 ||     2
 Abil: Draw Destruction  |       |       |       |    12 |     6 ||    18
Evoke: Wand              |       |       |       |     3 |     1 ||     4
  Use: Scroll            |       |       |    10 |     6 |     3 ||    19
       Potion            |       |       |       |     1 |       ||     1
 Stab: Sleeping          |       |       |       |     1 |     6 ||     7
       Distracted        |       |       |       |     1 |     2 ||     3
  Eat: Chunk             |     1 |     3 |     3 |    11 |    11 ||    29
       Ration            |       |     1 |     3 |     5 |     1 ||    10
Armor: Scale mail        |    45 |   117 |    93 |   104 |       ||   359
       Skin              |       |       |    12 |       |       ||    12
       Chain mail        |       |       |       |    78 |    20 ||    98
       Ring mail         |       |       |       |       |    91 ||    91
Dodge: Dodged            |    35 |    64 |   100 |   212 |   246 ||   657
Block: Shield            |    61 |   124 |   132 |   278 |   288 ||   883
       Rpst.: Long sword |     9 |     3 |    15 |    57 |    54 ||   138
